 Dungeon Crawl Stone Soup version 0.29.0-4-gdea44cf6ec (webtiles) character file.

Game seed: 13280462104025368495

42 qw the Sneak (level 3, -3/28 HPs)
             Began as a Ghoul Enchanter on Sept 4, 2022.
             Slain by a goblin
             ... wielding a +0 club
             ... led by Robin
              (5 damage)
             ... on level 2 of the Dungeon.
             The game lasted 00:00:47 (2404 turns).

qw the Sneak (Ghoul Enchanter)                      Turns: 2404, Time: 00:00:47

Health: -3/28      AC:  2    Str: 10 (13) XL:     3   Next: 56%
Magic:  4/4        EV: 11    Int:  7 (10) God:
Gold:   32         SH:  0    Dex:  8 (9)  Spells: 5/5 levels left

rFire   . . .      SeeInvis .     - Unarmed
rCold   + . .      Faith    .   (no shield)
rNeg    + + +      Spirit   .   b - +0 robe
rPois   inf        Reflect  .   (no helmet)
rElec   .          Harm     .   (no cloak)
rCorr   .          Rampage  .   (no gloves)
Will    .....                   (no boots)
Stlth   ++........              (no amulet)
HPRegen 0.00/turn               (no ring)
MPRegen 0.09/turn               (no ring)

@: inhibited regen
A: claws 1, cold resistance 1, negative energy resistance 3, inhibited
regeneration, torment resistance 2, devour on kill
a: no special abilities


You were on level 2 of the Dungeon.
You visited 1 branch of the dungeon, and saw 2 of its levels.

You collected 32 gold pieces.


Innate Abilities, Weirdness & Mutations

You are immune to poison.
You have sharp fingernails.
Your flesh is cold resistant. (rC+)
You are immune to negative energy. (rN+++)
You do not regenerate when monsters are visible.
You are immune to unholy pain and torment.
You thrive by killing the living.


   Skills:
 - Level 1.0 Fighting
 - Level 0.8 Short Blades
 - Level 1.7 Dodging
 - Level 3.2 Stealth
 + Level 3.1 Unarmed Combat
 - Level 1.7 Spellcasting
 - Level 2.4 Hexes


You had 5 spell levels left.
You didn't know any spells.
Your spell library contained the following spells:

 Spells                   Type           Power      Damage    Failure   Level
 Ensorcelled Hibernation  Hex/Ice        4%         N/A       36%         2
 Confusing Touch          Hex            3%         N/A       41%         3
 Tukima's Dance           Hex            3%         N/A       41%         3
 Dazzling Flash           Conj/Hex       4%         N/A       58%         3

Inventory:

Armour
 b - a +0 robe (worn)
Jewellery
 d - a ring of fire
Potions
 e - a potion of haste {unknown}
 i - a potion of attraction {unknown}
 j - a potion of brilliance {unknown}

Dungeon Overview and Level Annotations

Branches:
Dungeon (2/15)

Altars:

Annotations:
D:2 Robin


Message History

The adder bites you. The ball python barely misses you.
The ball python constricts you. The goblin completely misses you.
You scratch the ball python.
The ball python is moderately wounded.
The adder bites you but does no damage. The ball python bites you.
The ball python constricts you. The adder bites you but does no damage.
You scratch the ball python.
You kill the ball python!
You feel better.
An adder comes into view.
The goblin misses you.
The hobgoblin hits you but does no damage.
The adder closely misses you.
2399 ||| Stepping ~*~*~tactically~*~*~ (outnumbered).
The goblin closely misses you.
2400 ||| Stepping ~*~*~tactically~*~*~ (outnumbered).
The goblin attacks as you move away! The goblin barely misses you.
The goblin attacks as you move away! The goblin hits you but does no damage.
The goblin hits you with a +0 club.
You closely miss the goblin. The goblin barely misses you.
Robin says, "Bow before me, strongest of all the hobgoblins!"
The goblin hits you but does no damage.
2402 ||| Stepping ~*~*~tactically~*~*~ (outnumbered).
The goblin attacks as you move away! The goblin barely misses you.
A ball python comes into view.
The goblin hits you with a +0 club.
The ball python hisses angrily.
You scratch the goblin.
The goblin is severely wounded.
The goblin hits you but does no damage.
Robin roars a battlecry!
The goblins go into a battle-frenzy!
The goblin closely misses you.
You scratch the goblin.
You kill the goblin!
Robin roars a battlecry!
The goblin goes into a battle-frenzy!
The goblin hits you with a +0 club.
You die...

...#......#.#
..........#.# ##
............# .
.!..........#.#
.....SS.....#.#
.......g......#
......#g##.<.###
.....
#g#..).......
##..
#g@...g......
#..
##........... ..
............. .
........#.....
...##..........
... ##..#......
.S#. ...... ...#
......


You could see Robin, 2 adders, a hobgoblin, 3 goblins and a ball python.

Vanquished Creatures
  3 dart slugs (D:1)
  3 endoplasms (D:1)
  3 giant cockroaches (D:1)
  9 goblins
  2 hobgoblins (D:1)
  3 ball pythons
  3 bats (D:1)
  A frilled lizard (D:1)
  4 kobolds (D:1)
  2 rats (D:1)
33 creatures vanquished.

Notes
Turn   | Place    | Note
-------+----------+-------------------------------------------
     0 | D:1      | qw the Ghoul Enchanter began the quest for the Orb.
     0 | D:1      | Reached XP level 1. HP: 14/14 MP: 2/2
     0 | D:1      | 0 ||| qw: Version: 0.1-a-103-gd6f5d3a
     0 | D:1      | 0 ||| qw: Game counter: 5719
     0 | D:1      | 0 ||| qw: Always use a shield: true
     0 | D:1      | 0 ||| qw: God list: Okawaru
     0 | D:1      | 0 ||| qw: Allow faded altars: false
     0 | D:1      | 0 ||| qw: Do Orc after D:15 true
     0 | D:1      | 0 ||| qw: Do second Lair branch before Depths: true
     0 | D:1      | 0 ||| qw: Lair rune preference: random
     0 | D:1      | 0 ||| qw: Plans: Normal
     0 | D:1      | 0 ||| PLANNING D:1-11
     1 | D:1      | 1 ||| DROPPING +1 dagger.
    54 | D:1      | 54 ||| Stepping ~*~*~tactically~*~*~ (hiding).
    58 | D:1      | 58 ||| Stepping ~*~*~tactically~*~*~ (stealth).
    64 | D:1      | Reached skill level 1 in Unarmed Combat
    65 | D:1      | 65 ||| Stepping ~*~*~tactically~*~*~ (stealth).
    67 | D:1      | 67 ||| Stepping ~*~*~tactically~*~*~ (stealth).
    73 | D:1      | 73 ||| Stepping ~*~*~tactically~*~*~ (stealth).
    75 | D:1      | 75 ||| Stepping ~*~*~tactically~*~*~ (stealth).
   105 | D:1      | 105 ||| Stepping ~*~*~tactically~*~*~ (hiding).
   164 | D:1      | 164 ||| Stepping ~*~*~tactically~*~*~ (hiding).
   266 | D:1      | 266 ||| Stepping ~*~*~tactically~*~*~ (hiding).
   368 | D:1      | 368 ||| Stepping ~*~*~tactically~*~*~ (hiding).
   480 | D:1      | Reached skill level 1 in Fighting
   480 | D:1      | Reached XP level 2. HP: 17/23 MP: 3/3
  1257 | D:1      | 1257 ||| Stepping ~*~*~tactically~*~*~ (stealth).
  1270 | D:1      | 1270 ||| Stepping ~*~*~tactically~*~*~ (stealth).
  1281 | D:1      | 1281 ||| Stepping ~*~*~tactically~*~*~ (stealth).
  1282 | D:1      | 1282 ||| Stepping ~*~*~tactically~*~*~ (stealth).
  1297 | D:1      | Reached XP level 3. HP: 28/28 MP: 4/4
  1318 | D:1      | Found a faded altar of an unknown god.
  1345 | D:1      | 1345 ||| Stepping ~*~*~tactically~*~*~ (hiding).
  1347 | D:1      | 1347 ||| Stepping ~*~*~tactically~*~*~ (hiding).
  1348 | D:1      | 1348 ||| Stepping ~*~*~tactically~*~*~ (hiding).
  1986 | D:1      | 1986 ||| READING scroll labelled KAKOTEFAGGE.
  1987 | D:1      | 1987 ||| READING scroll labelled DURCHA DOVO.
  1988 | D:1      | 1988 ||| DRINKING 2 pink potions.
  1989 | D:1      | 1989 ||| DRINKING 2 bubbling pink potions.
  1990 | D:1      | 1990 ||| DROPPING potion of degeneration.
  1991 | D:1      | 1991 ||| DROPPING 2 potions of invisibility.
  1992 | D:1      | 1992 ||| DROPPING potion of lignification.
  2042 | D:2      | Noticed Robin
  2044 | D:2      | 2044 ||| STAIRDANCE
  2046 | D:1      | 2046 ||| Stepping ~*~*~tactically~*~*~ (outnumbered).
  2047 | D:1      | 2047 ||| Stepping ~*~*~tactically~*~*~ (outnumbered).
  2048 | D:1      | 2048 ||| Stepping ~*~*~tactically~*~*~ (outnumbered).
  2049 | D:1      | 2049 ||| Stepping ~*~*~tactically~*~*~ (outnumbered).
  2211 | D:2      | 2211 ||| STAIRDANCE
  2213 | D:1      | 2213 ||| Stepping ~*~*~tactically~*~*~ (outnumbered).
  2214 | D:1      | 2214 ||| Stepping ~*~*~tactically~*~*~ (outnumbered).
  2215 | D:1      | 2215 ||| Stepping ~*~*~tactically~*~*~ (outnumbered).
  2222 | D:1      | Reached skill level 3 in Unarmed Combat
  2390 | D:2      | 2390 ||| Stepping ~*~*~tactically~*~*~ (outnumbered).
  2391 | D:2      | 2391 ||| Stepping ~*~*~tactically~*~*~ (outnumbered).
  2392 | D:2      | 2392 ||| Stepping ~*~*~tactically~*~*~ (outnumbered).
  2393 | D:2      | 2393 ||| Stepping ~*~*~tactically~*~*~ (outnumbered).
  2396 | D:2      | HP: 6/28 [adder (2)]
  2399 | D:2      | 2399 ||| Stepping ~*~*~tactically~*~*~ (outnumbered).
  2400 | D:2      | 2400 ||| Stepping ~*~*~tactically~*~*~ (outnumbered).
  2402 | D:2      | 2402 ||| Stepping ~*~*~tactically~*~*~ (outnumbered).
  2402 | D:2      | HP: 2/28 [goblin/+0 club[Robin] (1)]
  2404 | D:2      | Slain by a goblin

Levels and vault maps discovered:
D:1:      erik_arrival_cave_to_civilisation [erik_arrival_cave_to_hall],
          layout_basic, ebering_ecumenical_altar_mist
D:2:      layout_rooms, uniq_terence, uniq_robin

Skill      XL: |  1  2  3 |
---------------+----------+-----
Unarmed Combat | 1 2 3 |  3.1
Fighting       | 1 |  1.0
Short Blades   | |  0.8
Dodging        | |  1.7
Stealth        | |  3.2
Spellcasting   | |  1.7
Hexes          | |  2.4

Action                   || total
-------------------------++-------
Melee: Unarmed           ||   102
       Punch             ||     2
  Use: Scroll            ||     2
       Potion            ||     2
 Stab: Sleeping          ||     1
Armor: Robe              ||    26
Dodge: Dodged            ||    64

Table legend:
 A = Non-vault XP
 B = Vault XP
 C = Vault XP percentage of total XP
 D = Non-vault monster count
 E = Vault monster count
 F = Vault count percentage of total count
                 A         B        C        D         E       F
            +---------+---------+-------+---------+---------+-------
      Total |      50 |      13 |  20.6 |      25 |       8 |  24.2
            +---------+---------+-------+---------+---------+-------
        D:1 |      46 |      12 |  20.7 |      23 |       7 |  23.3
        D:2 |       4 |       1 |  20.0 |       2 |       1 |  33.3
            +---------+---------+-------+---------+---------+-------
